ITL
TRENTON STARS @ BIRMINGHAM BARONS
08/25/2025
 
TOP OF THE 1ST
Trenton Stars batting - Pitching for Birmingham Barons : RHP Stanley Briggs
Pitching: RHP Stanley Briggs
Batting: LHB Felipe Guerrero 0-0: Ball
1-0: Ground out 6-3 (Groundball, 6)
Batting: RHB Felipe Olivas 0-0: Ball
1-0: Foul Ball, location: 2F
1-1: Ball
2-1: Ball
3-1: DOUBLE (Popup, 9LS)
Batting: RHB Salvador Gonzáles 0-0: Ball
1-0: Called Strike
1-1: Foul Ball, location: 2F
1-2: Strikes out swinging
Batting: LHB Jeff Gordon 0-0: Fly out, F9 (Line Drive, 89D)
Top of the 1st over - 0 run(s), 1 hit(s), 0 error(s), 1 left on base; Trenton 0 - Birmingham 0
BOTTOM OF THE 1ST
Birmingham Barons batting - Pitching for Trenton Stars : RHP Mark MacGruder
Pitching: RHP Mark MacGruder
Batting: SHB Anastasio Ortíz 0-0: Called Strike
0-1: Ball
1-1: Ground out 1-3 (Groundball, 23)
Batting: LHB Ben Kelley 0-0: Called Strike
0-1: Ball
1-1: Ball
2-1: Foul Ball, location: 2F
2-2: Ground out 6-3 (Groundball, 6M)
Batting: RHB Raúl Soto 0-0: Swinging Strike
0-1: Called Strike
0-2: Foul Ball, location: 2F
0-2: Ball
1-2: Foul Ball, location: 2F
1-2: Strikes out looking
Bottom of the 1st over - 0 run(s), 0 hit(s), 0 error(s), 0 left on base; Trenton 0 - Birmingham 0
TOP OF THE 2ND
Trenton Stars batting - Pitching for Birmingham Barons : RHP Stanley Briggs
Batting: RHB Clancy Booker 0-0: Ball
1-0: Called Strike
1-1: Fly out, F8 (Flyball, 8RM)
Batting: LHB Ju-wei Shiu 0-0: Called Strike
0-1: Ground out 4-3 (Groundball, 4M)
Batting: RHB Chris Cole 0-0: Called Strike
0-1: Foul Ball, location: 2F
0-2: Foul Ball, location: 2F
0-2: Ball
1-2: SINGLE (Line Drive, 34D)
Batting: RHB Jesús Dávila 0-0: Ball
1-0: Ball
2-0: Swinging Strike
2-1: Foul Ball, location: 2F
2-2: Ball
3-2: Strikes out swinging
Top of the 2nd over - 0 run(s), 1 hit(s), 0 error(s), 1 left on base; Trenton 0 - Birmingham 0
BOTTOM OF THE 2ND
Birmingham Barons batting - Pitching for Trenton Stars : RHP Mark MacGruder
Batting: LHB José Martínez 0-0: Ground out 3-1 (Groundball, 34S)
Batting: RHB Manny Sánchez 0-0: Ball
1-0: Swinging Strike
1-1: Ball
2-1: Swinging Strike
2-2: Ball
3-2: Base on Balls
Batting: RHB Paço Ttes 0-0: Ball
1-0: Called Strike
1-1: Called Strike
1-2: DOUBLE (Flyball, 8LXD)
Manny Sánchez to third
Batting: RHB Júlio Pacheco 0-0: Called Strike
0-1: Foul Ball, location: 2F
0-2: Foul Ball, location: 2F
0-2: Foul Ball, location: 2F
0-2: Ball
1-2: Ground out 4-3 (Groundball, 34)
Manny Sánchez scores
Paço Ttes to third
Batting: LHB John Haney 0-0: Ball
1-0: Foul Ball, location: 2F
1-1: Ball
2-1: Ball
3-1: Foul Ball, location: 2F
3-2: Foul Ball, location: 2F
3-2: Foul Ball, location: 2F
3-2: Foul Ball, location: 2F
3-2: Foul Ball, location: 2F
3-2: Foul Ball, location: 2F
3-2: Base on Balls
Batting: LHB Curt Causton 0-0: Ball
1-0: Ball
2-0: Ball
3-0: Called Strike
3-1: Hit by Pitch
John Haney to second
Batting: SHB Anastasio Ortíz 0-0: Called Strike
0-1: Foul Ball, location: 2F
0-2: Foul Ball, location: 2F
0-2: Ball
1-2: Foul Ball, location: 2F
1-2: Foul Ball, location: 2F
1-2: Strikes out swinging
Bottom of the 2nd over - 1 run(s), 1 hit(s), 0 error(s), 3 left on base; Trenton 0 - Birmingham 1
TOP OF THE 3RD
Trenton Stars batting - Pitching for Birmingham Barons : RHP Stanley Briggs
Batting: SHB Rafael Villa 0-0: Ball
1-0: Called Strike
1-1: Ball
2-1: Foul Ball, location: 2F
2-2: Foul Ball, location: 2F
2-2: Foul Ball, location: 2F
2-2: Foul Ball, location: 2F
2-2: Foul Ball, location: 2F
2-2: Fly out, F3 (Line Drive, 3)
Batting: LHB Felipe Guerrero 0-0: Ball
1-0: Swinging Strike
1-1: Ball
2-1: Foul Ball, location: 2F
2-2: Ball
3-2: Base on Balls
Batting: RHB Felipe Olivas 0-0: Foul Ball, location: 2F
0-1: Ball
Felipe Guerrero steals 2nd base
1-1: Fly out, F7 (Line Drive, 7LM)
Batting: RHB Salvador Gonzáles 0-0: Foul Ball, location: 2F
0-1: Ball
1-1: Fly out, F9 (Flyball, 9M)
Top of the 3rd over - 0 run(s), 0 hit(s), 0 error(s), 1 left on base; Trenton 0 - Birmingham 1
BOTTOM OF THE 3RD
Birmingham Barons batting - Pitching for Trenton Stars : RHP Mark MacGruder
Batting: LHB Ben Kelley 0-0: Ball
1-0: Foul Ball, location: 2F
1-1: Foul Ball, location: 2F
1-2: Ball
2-2: Ball
3-2: Base on Balls
Batting: RHB Raúl Soto 0-0: Ball
1-0: Swinging Strike
1-1: Swinging Strike
1-2: Ball
2-2: Foul Ball, location: 2F
2-2: Foul Ball, location: 2F
2-2: Foul Ball, location: 2F
2-2: Ball
3-2: Fielders Choice at 2nd, 5-4 (Groundball, 5L)
Batting: LHB José Martínez 0-0: Foul Ball, location: 2F
0-1: Foul Ball, location: 2F
0-2: Ball
1-2: Ball
2-2: Foul Ball, location: 2F
2-2: Foul Ball, location: 2F
2-2: SINGLE (Groundball, 34S)
Raúl Soto to second
Runner from 2nd tries for 3rd, OUT!
Batting: RHB Manny Sánchez 0-0: Ground out 3-1 (Groundball, 34)
Bottom of the 3rd over - 0 run(s), 1 hit(s), 0 error(s), 1 left on base; Trenton 0 - Birmingham 1
TOP OF THE 4TH
Trenton Stars batting - Pitching for Birmingham Barons : RHP Stanley Briggs
Batting: LHB Jeff Gordon 0-0: Fly out, F9 (Flyball, 89D)
Batting: RHB Clancy Booker 0-0: Ball
1-0: SINGLE (Groundball, 4MD)
Batting: LHB Ju-wei Shiu 0-0: Ball
1-0: Called Strike
1-1: Foul Ball, location: 2F
1-2: Strikes out swinging
Batting: RHB Chris Cole 0-0: Swinging Strike
0-1: Called Strike
0-2: Ball
1-2: Ball
2-2: Ball
3-2: Strikes out swinging
Top of the 4th over - 0 run(s), 1 hit(s), 0 error(s), 1 left on base; Trenton 0 - Birmingham 1
BOTTOM OF THE 4TH
Birmingham Barons batting - Pitching for Trenton Stars : RHP Mark MacGruder
Batting: RHB Paço Ttes 0-0: Called Strike
0-1: Ground out 1-3 (Groundball, 13S)
Batting: RHB Júlio Pacheco 0-0: Ground out 5-3 (Groundball, 5)
Batting: LHB John Haney 0-0: Ball
1-0: Called Strike
1-1: Foul Ball, location: 2F
1-2: Foul Ball, location: 2F
1-2: Ball
2-2: Ball
3-2: DOUBLE (Groundball, 3L)
Batting: LHB Curt Causton 0-0: Ball
1-0: SINGLE (Groundball, 25) (infield hit)
John Haney to third
Batting: SHB Anastasio Ortíz 0-0: Ball
1-0: Ball
2-0: Called Strike
2-1: Fly out, F9 (Flyball, 89D)
Bottom of the 4th over - 0 run(s), 2 hit(s), 0 error(s), 2 left on base; Trenton 0 - Birmingham 1
TOP OF THE 5TH
Trenton Stars batting - Pitching for Birmingham Barons : RHP Stanley Briggs
Batting: RHB Jesús Dávila 0-0: Called Strike
0-1: Bunt missed!
0-2: Ball
1-2: Ball
2-2: Ball
3-2: Base on Balls
Batting: SHB Rafael Villa 0-0: Foul Ball, location: 2F
0-1: Swinging Strike
0-2: Ball
1-2: Ball
2-2: Ball
3-2: Strikes out swinging
Jesús Dávila steals 2nd base
Batter strikes out.
Batting: LHB Felipe Guerrero 0-0: Called Strike
0-1: Swinging Strike
0-2: Foul Ball, location: 2F
0-2: Strikes out swinging
Batting: RHB Felipe Olivas 0-0: Called Strike
0-1: Foul Ball, location: 2F
0-2: Strikes out swinging
Top of the 5th over - 0 run(s), 0 hit(s), 0 error(s), 1 left on base; Trenton 0 - Birmingham 1
BOTTOM OF THE 5TH
Birmingham Barons batting - Pitching for Trenton Stars : RHP Mark MacGruder
Batting: LHB Ben Kelley 0-0: Ball
1-0: Ball
2-0: Fly out, F7 (Flyball, 78D)
Batting: RHB Raúl Soto 0-0: Ball
1-0: Foul Ball, location: 2F
1-1: Swinging Strike
1-2: Strikes out swinging
Batting: LHB José Martínez 0-0: Fly out, F8 (Flyball, 8LM)
Bottom of the 5th over - 0 run(s), 0 hit(s), 0 error(s), 0 left on base; Trenton 0 - Birmingham 1
TOP OF THE 6TH
Trenton Stars batting - Pitching for Birmingham Barons : RHP Stanley Briggs
Batting: RHB Salvador Gonzáles 0-0: Ball
1-0: Ball
2-0: Called Strike
2-1: Foul Ball, location: 2F
2-2: Ball
3-2: Foul Ball, location: 2F
3-2: SOLO HOME RUN (Flyball, 7LD), Distance : 334 ft
Batting: LHB Jeff Gordon 0-0: Ball
1-0: Fly out, F7 (Line Drive, 7M)
Batting: RHB Clancy Booker 0-0: Called Strike
0-1: Ball
1-1: Swinging Strike
1-2: Strikes out swinging
Batting: LHB Ju-wei Shiu 0-0: Ball
1-0: Fly out, F5 (Popup, 5F)
Top of the 6th over - 1 run(s), 1 hit(s), 0 error(s), 0 left on base; Trenton 1 - Birmingham 1
BOTTOM OF THE 6TH
Birmingham Barons batting - Pitching for Trenton Stars : RHP Mark MacGruder
Pitching: RHP Manuel Jimenen
Batting: RHB Manny Sánchez 0-0: Fly out, F7 (Line Drive, 78D)
Batting: RHB Paço Ttes 0-0: Ball
1-0: Ball
2-0: DOUBLE (Line Drive, 5D)
Batting: RHB Júlio Pacheco 0-0: Intentional Walk
Batting: LHB John Haney 0-0: Called Strike
0-1: Ball
1-1: Ball
2-1: SINGLE (Groundball, 34D)
Paço Ttes to third
Júlio Pacheco to second
Batting: LHB Curt Causton 0-0: Ball
1-0: SINGLE (Groundball, 56)
Paço Ttes scores
Júlio Pacheco to third
John Haney to second
Runner from 3rd tries for Home, SAFE, throw made home
John Haney to third
Curt Causton to second
Batting: SHB Anastasio Ortíz 0-0: Ball
1-0: Foul Ball, location: 2F
1-1: Fly out, F7 (Flyball, 78M)
Runner from 3rd tags up, SCORES, no throw
Batting: LHB Ben Kelley 0-0: Ball
1-0: Foul Ball, location: 2F
1-1: Swinging Strike
1-2: Foul Ball, location: 2F
1-2: Strikes out swinging
Bottom of the 6th over - 3 run(s), 3 hit(s), 0 error(s), 1 left on base; Trenton 1 - Birmingham 4
TOP OF THE 7TH
Trenton Stars batting - Pitching for Birmingham Barons : RHP Stanley Briggs
Pitching: RHP Domingo Ortíz
Batting: RHB Chris Cole 0-0: Fly out, F3 (Popup, 3SF)
Batting: RHB Jesús Dávila 0-0: Ground out 6-3 (Groundball, 6M)
Batting: SHB Rafael Villa 0-0: Ground out U3 (Groundball, 3)
Top of the 7th over - 0 run(s), 0 hit(s), 0 error(s), 0 left on base; Trenton 1 - Birmingham 4
BOTTOM OF THE 7TH
Birmingham Barons batting - Pitching for Trenton Stars : RHP Manuel Jimenen
Batting: RHB Raúl Soto 0-0: Swinging Strike
0-1: Ball
1-1: Ball
2-1: Foul Ball, location: 2F
2-2: Foul Ball, location: 2F
2-2: Ball
3-2: Strikes out swinging passed ball, reaches first!
Pitching: LHP Michael Puckett
Batting: LHB José Martínez 0-0: Swinging Strike
0-1: Ball
1-1: Foul Ball, location: 2F
1-2: Ball
2-2: Strikes out swinging
Batting: RHB Manny Sánchez 0-0: Ball
1-0: Called Strike
1-1: Ball
2-1: Ball
3-1: Base on Balls
Raúl Soto to second
Batting: RHB Paço Ttes 0-0: Called Strike
0-1: Ball
1-1: Grounds into double play, 6-4-3 (Groundball, 6)
Bottom of the 7th over - 0 run(s), 0 hit(s), 0 error(s), 1 left on base; Trenton 1 - Birmingham 4
TOP OF THE 8TH
Trenton Stars batting - Pitching for Birmingham Barons : RHP Domingo Ortíz
Batting: LHB Felipe Guerrero 0-0: Ball
1-0: Ground out U3 (Groundball, 3L)
Batting: RHB Felipe Olivas 0-0: Ball
1-0: Fly out, F8 (Flyball, 8RS)
Batting: RHB Salvador Gonzáles 0-0: Called Strike
0-1: Ball
1-1: Ball
2-1: Fly out, F8 (Flyball, 8LS)
Top of the 8th over - 0 run(s), 0 hit(s), 0 error(s), 0 left on base; Trenton 1 - Birmingham 4
BOTTOM OF THE 8TH
Birmingham Barons batting - Pitching for Trenton Stars : LHP Michael Puckett
Batting: RHB Júlio Pacheco 0-0: Ball
1-0: Foul Ball, location: 2F
1-1: Ball
2-1: Ball
3-1: Base on Balls
Batting: LHB John Haney 0-0: Bunted foul
0-1: Sac Bunt - play at first, batter OUT! 1-4
Júlio Pacheco to second
Batting: LHB Curt Causton 0-0: Ball
1-0: Swinging Strike
1-1: Ground out 4-3 (Groundball, 4)
Júlio Pacheco to third
Batting: SHB Anastasio Ortíz 0-0: Foul Ball, location: 2F
0-1: Ball
1-1: Swinging Strike
1-2: Ball
2-2: Reached on error, E6 (Groundball, 6M)
Júlio Pacheco scores
Batting: LHB Ben Kelley 0-0: Ball
1-0: Ball
2-0: Called Strike
2-1: Called Strike
2-2: Ball
3-2: Base on Balls
Batting: RHB Raúl Soto 0-0: Ball
1-0: Called Strike
1-1: Ground out 5-3 (Groundball, 5S)
Bottom of the 8th over - 1 run(s), 0 hit(s), 1 error(s), 2 left on base; Trenton 1 - Birmingham 5
TOP OF THE 9TH
Trenton Stars batting - Pitching for Birmingham Barons : RHP Domingo Ortíz
Batting: LHB Jeff Gordon 0-0: DOUBLE (Flyball, 89XD)
Batting: RHB Clancy Booker 0-0: Ball
1-0: Swinging Strike
1-1: Foul Ball, location: 2F
1-2: Foul Ball, location: 2F
1-2: Strikes out swinging
Batting: LHB Ju-wei Shiu 0-0: Ball
1-0: Fly out, F6 (Popup, 5D)
Batting: RHB Chris Cole 0-0: Ball
1-0: SINGLE (Groundball, 5D)
Jeff Gordon to third
Runner from 3rd tries for Home, SAFE, no throw or cutoff
Pitching: RHP José Ruíz
Batting: RHB Jesús Dávila 0-0: Foul Ball, location: 2F
0-1: Ball
1-1: Ball
2-1: Fielders Choice at 2nd, U6 (Groundball, 6M)
Top of the 9th over - 1 run(s), 2 hit(s), 0 error(s), 1 left on base; Trenton 2 - Birmingham 5
This league is powered by Out of the Park Baseball, the baseball management simulation game for PC, Mac and Linux
Tuesday, August 2nd, 2016 - OOTP Baseball 16.8 Build 38